 Dungeon Crawl Stone Soup version 0.31-a0-232-gb1c03b2570 (webtiles) character file.

Game seed: 13961927569666824186

98 qw the Shooter (level 4, -3/26 HPs)
             Began as a Gargoyle Hexslinger on July 7, 2023.
             Was an Initiate of Okawaru.
             Slain by Grinder (5 damage)
             ... while paralysed by Grinder
             ... on level 3 of the Dungeon.
             The game lasted 00:00:52 (2220 turns).

qw the Shooter (Gargoyle Hexslinger)                Turns: 2220, Time: 00:00:53

Health: -3/26      AC:  9    Str: 12    XL:     4   Next: 69%
Magic:  5/5        EV:  2    Int: 13    God:    Okawaru [......]
Gold:   282        SH:  0    Dex: 14    Spells: 4/5 levels left

rFire   . . .        Y - +1 sling
rCold   . . .        (no shield)
rNeg    + . .        e - +0 ring mail
rPois   inf          (no helmet)
rElec   +            j - +0 cloak
rCorr   .            (no gloves)
SInv    .            (no boots)
Will    .....        (no amulet)
Stlth   +            (no ring)
HPRegen 0.24/turn    (no ring)
MPRegen 0.09/turn

%: no passive effects
@: paralysed
A: sickness immunity, AC +3, negative energy resistance 1, electricity
resistance, torment resistance 1, petrification resistance
a: Renounce Religion


You were on level 3 of the Dungeon.
You worshipped Okawaru.
Okawaru was noncommittal.
You visited 1 branch of the dungeon, and saw 3 of its levels.

You collected 282 gold pieces.


Innate Abilities, Weirdness & Mutations

You are immune to sickness and miasma.
Your stone body is resilient. (AC +3)
You are immune to poison.
You resist negative energy. (rN+)
You are resistant to electric shocks. (rElec)
You are resistant to unholy torment.
You are immune to petrification.


   Skills:
 - Level 2.0 Fighting
 + Level 4.3 Ranged Weapons
 - Level 1.0 Armour
 - Level 1.5 Dodging
 - Level 1.0 Spellcasting
 - Level 2.6 Hexes


You had 4 spell levels left.
You knew the following spells:

 Your Spells              Type           Power      Damage    Failure   Level
a - Slow                  Hex            28%        N/A       22%         1

Your spell library contained the following spells:

 Spells                   Type           Power      Damage    Failure   Level
 Inner Flame              Hex/Fire       4%         N/A       73%         3
 Portal Projectile        Hex/Tloc       8%         N/A       73%         3
 Cause Fear               Hex            3%         N/A       91%         4

Inventory:

Hand Weapons
 Y - a +1 sling (weapon)
Armour
 e - a +0 ring mail (worn)
 j - a +0 cloak (worn)
Jewellery
 g - a ring of fire
Scrolls
 b - a scroll of vulnerability {unknown}
 c - a scroll of identify
 d - a scroll of fear {unknown}
Potions
 a - a potion of curing
 f - a potion of might {unknown}
 h - a potion of heal wounds {unknown}
 i - a potion of haste {unknown}
 k - a potion of brilliance {unknown}
 m - a potion of ambrosia {unknown}

Dungeon Overview and Level Annotations

Branches:
Dungeon (3/15)

Altars:
Okawaru

Annotations:
D:1 2 runed translucent doors
D:3 Grinder


Message History

Grinder barely misses you.
You shoot a sling bullet. The sling bullet hits Grinder.
Grinder is heavily wounded.
Grinder barely misses you.
You shoot a sling bullet.
The sling bullet closely misses Grinder.
Grinder misses you.
You shoot a sling bullet.
The sling bullet hits Grinder but does no damage.
Grinder is heavily wounded.
Grinder hits you.
You writhe in agony.
Grinder hits you but does no damage.
You shoot a sling bullet.
The sling bullet hits Grinder but does no damage.
Grinder is heavily wounded.
Grinder blinks!
2214 ||| FLEEEEING.
Grinder gestures at you.
You suddenly lose the ability to move!
Grinder blinks!
You can move again.
You shoot a sling bullet.
The sling bullet hits Grinder but does no damage.
Grinder is heavily wounded.
Grinder gestures at you. Pain shoots through your body!
You shoot a sling bullet. The sling bullet hits Grinder.
Grinder is severely wounded.
Grinder says, "You look like you could use a good racking."
Grinder closely misses you. Grinder hits you.
You writhe in agony.
You shoot a sling bullet.
The sling bullet hits Grinder but does no damage.
Grinder is severely wounded.
Grinder closely misses you.
You shoot a sling bullet.
The sling bullet closely misses Grinder.
Grinder barely misses you.
You shoot a sling bullet. The sling bullet barely misses Grinder.
Grinder gestures at you.
You suddenly lose the ability to move!
Grinder hits you.
You die...

# # #########
##########.......#
.........>.......#
>.....####.####..#
.##...#######....#
###..........<...#
#######.########.#
#.# #.# ##.##@#
.#### #.# ##.###5#
..#.# #5###.#..#.#
...####.##.##.##.#
....#.#.#%#...##.#
#....###.##..###.#
#...#.#.#....###.#
##...####..#..##.#
##....##...#...#.#


You could see Grinder.

Vanquished Creatures
  Jessica (D:3)
  A gnoll (D:1)
  2 adders
  4 orcs (D:3)
  5 ball pythons
  2 bats (D:1)
  2 endoplasms
  3 giant cockroaches
  2 goblins
  3 hobgoblins
  5 kobolds
  3 quokkas
  4 rats
37 creatures vanquished.

Notes
Turn   | Place    | Note
-------+----------+-------------------------------------------
     0 | D:1      | qw the Gargoyle Hexslinger began the quest for the Orb.
     0 | D:1      | Reached XP level 1. HP: 12/12 MP: 2/2
     0 | D:1      | 0 ||| qw: Version: 0.3-a-46-gb1f654a
     0 | D:1      | 0 ||| qw: Game counter: 2368
     0 | D:1      | 0 ||| qw: Melee chars always use a shield: true
     0 | D:1      | 0 ||| qw: God list: Okawaru
     0 | D:1      | 0 ||| qw: Allow faded altars: false
     0 | D:1      | 0 ||| qw: Do Orc after clearing Dungeon:15 true
     0 | D:1      | 0 ||| qw: Do second Lair branch before Depths: true
     0 | D:1      | 0 ||| qw: Lair rune preference: random
     0 | D:1      | 0 ||| qw: Goals: Normal
     0 | D:1      | 0 ||| PLANNING D:1-11
    29 | D:1      | Found a large runed translucent door.
    29 | D:1      | Found a large runed translucent door.
    29 | D:1      | Noticed an orc priest
    30 | D:1      | Noticed an orc priest
    33 | D:1      | Noticed an orc warrior
    45 | D:1      | Noticed an orc wizard
   243 | D:1      | Reached XP level 2. HP: 16/16 MP: 3/3
   386 | D:1      | Reached skill level 3 in Ranged Weapons
   434 | D:1      | Reached XP level 3. HP: 20/20 MP: 4/4
   854 | D:1      | 854 ||| UPGRADING to +0 ring mail.
   864 | D:1      | 864 ||| DROPPING +0 robe.
   865 | D:1      | 865 ||| UPGRADING to +0 cloak.
   870 | D:1      | 870 ||| READING scroll labelled HAELYNK SIGATE.
   892 | D:1      | 892 ||| DROPPING scroll of poison.
   927 | D:2      | 927 ||| STAIRDANCE
  1552 | D:2      | 1552 ||| DROPPING scarf of harm.
  1553 | D:2      | 1553 ||| READING 4 scrolls labelled TOJUMAERIWI.
  1554 | D:2      | 1554 ||| READING scroll labelled KUAPLU MUCH.
  1555 | D:2      | 1555 ||| READING 3 scrolls of identify.
  1555 | D:2      | 1555 ||| IDENTIFYING fuming ruby potion
  1556 | D:2      | 1556 ||| READING 2 scrolls of identify.
  1556 | D:2      | 1556 ||| IDENTIFYING murky clear potion
  1557 | D:2      | 1557 ||| DROPPING potion of magic.
  1632 | D:3      | Reached skill level 1 in Armour
  1699 | D:3      | Noticed Jessica
  1706 | D:3      | Killed Jessica
  1707 | D:3      | Reached XP level 4. HP: 21/26 MP: 5/5
  1754 | D:3      | Reached skill level 4 in Ranged Weapons
  1813 | D:3      | Found an iron altar of Okawaru.
  1814 | D:3      | 1814 ||| PLANNING OKAWARU WORSHIP
  1814 | D:3      | 1814 ||| READING scroll labelled BUNLEYPAGA.
  1815 | D:3      | 1815 ||| READING scroll labelled YSTRUO BOPNEHO.
  1831 | D:3      | Became a worshipper of Warmaster Okawaru
  1832 | D:3      | 1832 ||| PLANNING D:1-11
  1907 | D:3      | Noticed Grinder
  1915 | D:3      | Paralysed by Grinder for 2 turns
  1921 | D:3      | 1921 ||| FLEEEEING.
  1926 | D:3      | 1926 ||| FLEEEEING.
  1927 | D:3      | 1927 ||| FLEEEEING.
  1935 | D:3      | 1935 ||| FLEEEEING.
  1936 | D:3      | 1936 ||| FLEEEEING.
  1937 | D:3      | 1937 ||| FLEEEEING.
  1941 | D:3      | Paralysed by Grinder for 3 turns
  1950 | D:3      | Paralysed by Grinder for 5 turns
  1952 | D:3      | HP: 6/26 [Grinder (9)]
  1955 | D:3      | 1955 ||| READING scroll of teleportation.
  2180 | D:3      | 2180 ||| FLEEEEING.
  2181 | D:3      | 2181 ||| FLEEEEING.
  2182 | D:3      | 2182 ||| FLEEEEING.
  2183 | D:3      | 2183 ||| FLEEEEING.
  2185 | D:3      | 2185 ||| FLEEEEING.
  2189 | D:3      | 2189 ||| FLEEEEING.
  2201 | D:3      | 2201 ||| FLEEEEING.
  2214 | D:3      | 2214 ||| FLEEEEING.
  2214 | D:3      | Paralysed by Grinder for 2 turns
  2216 | D:3      | HP: 6/26 [Grinder/nerve-wracking pain (5)]
  2217 | D:3      | HP: 2/26 [Grinder (4)]
  2220 | D:3      | Paralysed by Grinder for 3 turns
  2220 | D:3      | Slain by Grinder

Levels and vault maps discovered:
D:1:      erik_arrival_cave_to_civilisation [erik_arrival_cave_to_temple],
          layout_basic
D:2:      layout_basic
D:3:      wad_crossroads, layout_basic, nicolae_overflow_crystal_walls,
          chequers_serial_rivers_micro_a, uniq_grinder, uniq_jessica

Skill      XL: |  1  2  3  4 |
---------------+-------------+-----
Ranged Weapons | 3 4 |  4.3
Fighting       | 2 |  2.0
Armour         | 1 |  1.0
Dodging        | |  1.5
Spellcasting   | |  1.0
Hexes          | |  2.6

Action                     |  1- 3 |  4- 6 || total
---------------------------+-------+-------++-------
   Fire: Sling             |    82 |    95 ||   177
    Use: Scroll            |     5 |     3 ||     8
 Armour: Robe              |     1 |       ||     1
         Ring mail         |    16 |    22 ||    38
  Dodge: Dodged            |    24 |    31 ||    55

Table legend:
 A = Non-vault XP
 B = Vault XP
 C = Vault XP percentage of total XP
 D = Non-vault monster count
 E = Vault monster count
 F = Vault count percentage of total count
                 A         B        C        D         E       F
            +---------+---------+-------+---------+---------+-------
      Total |      91 |      49 |  35.0 |      30 |       7 |  18.9
            +---------+---------+-------+---------+---------+-------
        D:1 |      43 |       4 |   8.5 |      12 |       2 |  14.3
        D:2 |      11 |       0 |   0.0 |       6 |       0 |   0.0
        D:3 |      37 |      45 |  54.9 |      12 |       5 |  29.4
            +---------+---------+-------+---------+---------+-------
